 Dungeon Crawl Stone Soup version 0.24-a0-230-g536ed4e (webtiles) character file.

Game seed: 18116705439142243762

2571 FanciusPantius the Grappler (level 9, 0/85 HPs)
             Began as a Troll Berserker on Apr 3, 2019.
             Was an Elder of Trog.
             Succumbed to a hornet's poison
             ... on level 8 of the Dungeon.
             The game lasted 00:13:07 (6630 turns).

FanciusPantius the Grappler (Troll Berserker)       Turns: 6630, Time: 00:13:08

Health: 0/85       AC:  6    Str: 29    XL:     9   Next: 32%
Magic:  8/8        EV: 12    Int:  4    God:    Trog [****..]
Gold:   438        SH:  0    Dex: 11    Spells: 8/8 levels left

rFire    . . .     SeeInvis .     - Unarmed
rCold    . . .     Gourm    +   (no shield)
rNeg     . . .     Faith    .   a - +0 animal skin
rPois    .         Spirit   .   (helmet restricted)
rElec    .         Reflect  .   (no cloak)
rCorr    .         Harm     .   (gloves unavailable)
MR       .....                  (boots unavailable)
Stlth    +.........             (no amulet)
HPRegen  0.64/turn              n - +2 ring of strength
MPRegen  0.11/turn              p - ring of flight

@: lethally poisoned (0 -> -18), berserk cooldown, slowed, very slow
A: large, unfitting armour, claws 3, fast metabolism 3, gourmand, regeneration
1, shaggy fur 1, tough skin 3
a: Berserk, Trog's Hand, Brothers in Arms, Renounce Religion, Evoke Flight


You were on level 8 of the Dungeon.
You worshipped Trog.
Trog was greatly pleased with you.
You were very full.

You visited 1 branch of the dungeon, and saw 8 of its levels.

You collected 438 gold pieces.

Inventory:

Hand Weapons
 B - a +1 trident of venom
Missiles
 u - 4 tomahawks
 y - 4 large rocks (quivered)
Armour
 a - a +0 animal skin (worn)
Magical Staves
 D - an uncursed staff of poison
Jewellery
 n - a +2 ring of strength (left claw)
 p - a ring of flight (right claw)
Scrolls
 d - 5 scrolls of remove curse {unknown}
 g - 2 scrolls of immolation {unknown}
 h - 2 scrolls of fog {unknown}
 i - 3 scrolls of identify {unknown}
 m - 4 scrolls of teleportation {unknown}
 o - a scroll of enchant armour {unknown}
 r - a scroll of noise {unknown}
 s - a scroll of enchant weapon {unknown}
 w - 4 scrolls of magic mapping {unknown}
 C - 2 scrolls of blinking {unknown}
Potions
 c - 3 potions of brilliance {unknown}
 e - a potion of lignification {unknown}
 f - 2 potions of magic {unknown}
 j - a potion of mutation {unknown}
 k - 2 potions of cancellation {unknown}
 l - 4 potions of ambrosia
 q - 3 potions of heal wounds {unknown}
 t - a potion of haste
 v - a potion of curing {unknown}
 x - a potion of degeneration {unknown}
 z - a potion of berserk rage {unknown}
Comestibles
 b - 15 rations
 A - 4 chunks of flesh


   Skills:
 + Level 4.6 Fighting
 + Level 5.7 Dodging
 - Level 0.1 Stealth
 + Level 10.4 Unarmed Combat


You had 8 spell levels left.
You didn't know any spells.
Your spell library was empty.

Dungeon Overview and Level Annotations

Branches:
Dungeon (8/15)             Temple (0/1) D:4
   Lair: D:8-11

Altars:
Cheibriados
Dithmenos
Fedhas
Okawaru
Qazlal
Ru

Shops:
D:4 *


Innate Abilities, Weirdness & Mutations

You are too large for most types of armour.
You have claws for hands.
Your metabolism is lightning-fast.
You like to eat raw meat.
Your natural rate of healing is unusually fast.
You are covered in fur. (AC +1)
You have extremely tough skin. (AC +3)


Message History

The hornet is heavily wounded.
You feel sick. The hornet stings you!
* * * LOW HITPOINT WARNING * * *
You are more poisoned.
You feel as though you will be slow longer.
You closely miss the hornet.
The hornet is heavily wounded.
* * * LOW HITPOINT WARNING * * *
You feel sick. The hornet barely misses you.
Unknown command.
You are too berserk!
You mangle the hornet!!
You kill the hornet!
Trog accepts your kill.
* * * LOW HITPOINT WARNING * * *
You feel sick.
You are no longer berserk.
You are exhausted.
You feel as though you will be slow longer.
You die...

#.# #.#........## ##.#
#.# #.....#####.###.##
#.#######...# ##.#.## .
#.<..## #...# ##..#
..##.#...###...########.#
#...<.....##...##.......#
...............##.#######
#####.....#.#..##.######
##...##...†.@........
##..........#.######
###########.## ##


There were no monsters in sight!

Vanquished Creatures
  Grinder (D:3)
  A hornet (D:8)
  Menkaure (D:5)
  Duvessa (D:5)
  An ogre (D:4)
  3 centaurs
  A bullfrog (D:4)
  Blork the orc (D:5)
  A gnoll sergeant (D:4)
  Dowan (D:5)
  2 scorpions
  3 howler monkeys (D:8)
  A crimson imp (D:3)
  A hound (D:4)
  3 orc priests
  A jelly (D:8)
  2 bullfrog skeletons
  A centaur skeleton (D:4)
  3 gnoll shamans (D:4)
  An iguana (D:4)
  4 orc wizards
  Terence (D:3)
  Natasha (thrice) (D:2)
  3 worker ants
  Robin (D:3)
  29 gnolls (D:4)
  11 adders
  A shadow imp (D:6)
  2 adder zombies
  An adder skeleton (D:4)
  3 worms
  2 dart slugs (D:3)
  3 leopard geckos
  23 orcs
  A ball python (D:1)
  2 giant cockroaches
  15 goblins
  7 hobgoblins
  21 jackals
  A quokka (D:6)
  12 bats
  4 frilled lizards
  3 kobolds
  A quokka skeleton (D:4)
  8 rats
  A fungus (D:5)
193 creatures vanquished.

Vanquished Creatures (others)
  6 fungi (D:5)
6 creatures vanquished.

Grand Total: 199 creatures vanquished

Notes
Turn   | Place    | Note
-------+----------+-------------------------------------------
     0 | D:1      | FanciusPantius the Troll Berserker began the quest for the
                  | Orb.
     0 | D:1      | Reached XP level 1. HP: 22/22 MP: 0/0
   170 | D:1      | Reached XP level 2. HP: 29/29 MP: 1/1
   215 | D:1      | You fall through a shaft!
   408 | D:2      | Reached XP level 3. HP: 32/36 MP: 2/2
   669 | D:2      | Noticed Natasha
   670 | D:2      | Killed Natasha
   670 | D:2      | Reached skill level 4 in Unarmed Combat
   742 | D:2      | Noticed Natasha
   743 | D:2      | Reached XP level 4. HP: 42/44 MP: 3/3
   753 | D:2      | Killed Natasha
   753 | D:2      | Reached ** piety under Trog
  1223 | D:2      | Found a sacrificial altar of Ru.
  1510 | D:2      | Noticed Natasha
  1530 | D:2      | Killed Natasha
  1730 | D:3      | Reached XP level 5. HP: 53/53 MP: 4/4
  1781 | D:3      | Reached skill level 5 in Unarmed Combat
  1881 | D:3      | Reached XP level 6. HP: 61/61 MP: 5/5
  1898 | D:3      | Noticed Robin
  1914 | D:3      | Reached *** piety under Trog
  1918 | D:3      | Killed Robin
  2049 | D:3      | Found a shadowy altar of Dithmenos.
  2090 | D:3      | Noticed Grinder
  2103 | D:3      | Killed Grinder
  2103 | D:3      | Reached skill level 6 in Unarmed Combat
  2189 | D:3      | Noticed Terence
  2202 | D:3      | Killed Terence
  2202 | D:3      | Reached XP level 7. HP: 67/67 MP: 6/6
  2287 | D:3      | Found a stormy altar of Qazlal.
  2291 | D:3      | Found a blossoming altar of Fedhas.
  2630 | D:4      | Found a staircase to the Ecumenical Temple.
  2733 | D:4      | Reached skill level 7 in Unarmed Combat
  3124 | D:4      | Reached XP level 8. HP: 78/78 MP: 7/7
  3160 | D:4      | Reached skill level 8 in Unarmed Combat
  3180 | D:4      | Reached **** piety under Trog
  3735 | D:4      | Found Minotzur's Elemental Accessories.
  4172 | D:5      | Entered Level 5 of the Dungeon
  4201 | D:5      | Noticed Blork the orc
  4206 | D:5      | Killed Blork the orc
  4206 | D:5      | Reached skill level 5 in Dodging
  4250 | D:5      | Noticed Duvessa
  4250 | D:5      | Noticed Dowan
  4258 | D:5      | Killed Duvessa
  4260 | D:5      | Killed Dowan
  4260 | D:5      | Reached skill level 9 in Unarmed Combat
  4403 | D:5      | Found an iron altar of Okawaru.
  4459 | D:5      | Noticed Menkaure
  4471 | D:5      | Killed Menkaure
  5315 | D:6      | Reached XP level 9. HP: 79/85 MP: 8/8
  6155 | D:7      | Reached skill level 10 in Unarmed Combat
  6298 | D:7      | Found a snail-covered altar of Cheibriados.
  6616 | D:8      | Paralysed by a hornet for 1 turns
  6622 | D:8      | Paralysed by a hornet for 2 turns
  6628 | D:8      | HP: 6/127 [poisoned by a hornet]
  6630 | D:8      | Succumbed to a hornet's poison

Levels and vault maps discovered:
D:1:      minmay_arrival_checkered_box, layout_basic
D:2:      layout_loops_corners, serial_bayou, serial_bayou_shore_a,
          serial_bayou_lake_a, serial_bayou_pond_c, serial_bayou_shore_b,
          nicolae_ru_the_path_less_chosen, uniq_natasha
D:3:      layout_loops_ring, grunt_temple_overflow_forces_of_nature,
          grunt_dithmenos_smoke, uniq_grinder, uniq_robin, uniq_terence
D:4:      lemuel_castle_with_subvaults [lemuel_castle_interior_carwin_2],
          layout_gridville, temple_doors_e, minmay_door_square,
          nicolae_elemental_shop
D:5:      old_forge, layout_gridville, kennysheep_little_box, first_ration,
          kennysheep_minor_cross, uniq_menkaure, uniq_blork_the_orc,
          uniq_duvessa
D:6:      layout_cave_pods
D:7:      layout_cave_pools, cheibrodos_worm_habitat
D:8:      layout_loops_ring, uniq_psyche

Skill      XL: |  1  2  3  4  5  6  7  8  9 |
---------------+----------------------------+-----
Unarmed Combat | 4 5 6 7 9 10 | 10.4
Fighting       | 3 4 |  4.6
Dodging        | 3 4 5 |  5.7
Stealth        | |  0.1

Action                   |  1- 3 |  4- 6 |  7- 9 || total
-------------------------+-------+-------+-------++-------
Melee: Unarmed           |    65 |   122 |   303 ||   490
       Punch             |     1 |     4 |    16 ||    21
Invok: Berserk           |     1 |     4 |     6 ||    11
       Trog's Hand       |       |     2 |     6 ||     8
  Use: Potion            |       |       |     1 ||     1
 Stab: Held in net/web   |       |       |     2 ||     2
       Sleeping          |       |       |     1 ||     1
  Eat: Chunk             |    10 |    21 |    49 ||    80
Armor: Animal skin       |    27 |    39 |   102 ||   168
Dodge: Dodged            |    35 |    45 |   234 ||   314

Table legend:
 A = Non-vault XP
 B = Vault XP
 C = Vault XP percentage of total XP
 D = Non-vault monster count
 E = Vault monster count
 F = Vault count percentage of total count
                 A         B        C        D         E       F
            +---------+---------+-------+---------+---------+-------
      Total |    2064 |    1610 |  43.8 |     111 |      81 |  42.2
            +---------+---------+-------+---------+---------+-------
        D:1 |      25 |       0 |   0.0 |      17 |       0 |   0.0
        D:2 |     134 |      35 |  20.7 |      19 |       1 |   5.0
        D:3 |     224 |     334 |  59.9 |      26 |      14 |  35.0
        D:4 |     584 |     649 |  52.6 |      19 |      51 |  72.9
        D:5 |     163 |     587 |  78.3 |       8 |      14 |  63.6
        D:6 |     318 |       0 |   0.0 |      14 |       0 |   0.0
        D:7 |     114 |       5 |   4.2 |       2 |       1 |  33.3
        D:8 |     502 |       0 |   0.0 |       6 |       0 |   0.0
            +---------+---------+-------+---------+---------+-------
